 Dungeon Crawl Stone Soup version 0.29.1-14-g9c671dbff4 (webtiles) character file.

Game seed: 476750141392794197

12494 Thatpatchoflichen the Fighter (level 11, -20/90 HPs)
             Began as a Demonspawn Fighter on Feb 16, 2023.
             Was an Initiate of Ru.
             Demolished by a boulder beetle (35 damage)
             ... on level 8 of the Dungeon.
             The game lasted 00:36:27 (14059 turns).

Thatpatchoflichen the Fighter (Demonspawn Fighter) Turns: 14059, Time: 00:36:28

Health: -20/90     AC: 27    Str: 20    XL:     11   Next: 63%
Magic:  0/11       EV: 10    Int:  8    God:    Ru [......]
Gold:   565        SH:  6    Dex: 14    Spells: 10/10 levels left

rFire   . . .      SeeInvis .   a - +0 war axe
rCold   . . .      Faith    .   c - +0 buckler
rNeg    + . .      Spirit   +   z - +0 chain mail
rPois   +          Reflect  .   (no helmet)
rElec   .          Harm     .   t - +2 ratskin cloak {*Rats rPois rN+ Str-1 Int-1 Dex+1}
rCorr   .          Rampage  .   G - +0 pair of gloves
Will    .....      Clarity  +   (no boots)
Stlth   ..........              C - amulet of guardian spirit
HPRegen 0.25/turn               (no ring)
MPRegen 0.12/turn               (no ring)

@: sanguine armoured, studying Armour
A: claws 1, demonic guardian 2, sanguine armour 3, clarity
a: Renounce Religion


You were on level 8 of the Dungeon.
You worshipped Ru.
Ru was noncommittal.
You visited 2 branches of the dungeon, and saw 9 of its levels.
You also visited: Bailey.

You collected 565 gold pieces.

Inventory:

Hand Weapons
 a - a +0 war axe (weapon)
 J - a +0 battleaxe
Missiles
 m - 32 poisoned darts (quivered)
 K - 20 javelins
Armour
 c - a +0 buckler (worn)
 n - a +2 ring mail of cold resistance
 t - the +2 ratskin cloak (worn) {*Rats rPois rN+ Str-1 Int-1 Dex+1}
   (You found it on level 3 of the Dungeon)

   When the wearer is hurt, rats may emerge from it to assist them.
   Str:       It affects your strength (-1).
   Int:       It affects your intelligence (-1).
   Dex:       It affects your dexterity (+1).
   rPois:     It protects you from poison.
   rN:        It protects you from negative energy.
 z - a +0 chain mail (worn)
 F - a +0 plate armour
 G - a +0 pair of gloves (worn)
Jewellery
 C - an amulet of guardian spirit (around neck)
Wands
 b - a wand of flame (2)
 x - a wand of paralysis (10)
 H - a wand of polymorph (5)
 M - a wand of iceblast (8)
Scrolls
 e - 2 scrolls of summoning {unknown}
 i - a scroll of torment {unknown}
 k - 2 scrolls of identify {unknown}
 o - 2 scrolls of immolation
 q - 3 scrolls of fog {unknown}
 r - 4 scrolls of teleportation
 s - 2 scrolls of fear {unknown}
 u - 2 scrolls of poison {unknown}
 y - 2 scrolls of blinking {unknown}
 B - a scroll of vulnerability {unknown}
 E - 2 scrolls of noise {unknown}
 I - a scroll of amnesia {unknown}
 L - a scroll of magic mapping {unknown}
Potions
 d - 3 potions of might
 f - 3 potions of curing {unknown}
 g - 3 potions of mutation
 h - 2 potions of flight {unknown}
 j - a potion of cancellation {unknown}
 l - 3 potions of haste {unknown}
 p - a potion of invisibility {unknown}
 v - 2 potions of magic {unknown}
 w - 3 potions of ambrosia {unknown}
 A - a potion of attraction {unknown}
 D - 2 potions of degeneration {unknown}


   Skills:
 - Level 10.0 Fighting
 - Level 8.3 Axes
 + Level 7.1 Armour
 - Level 8.4 Dodging
 + Level 7.7 Shields


You had 10 spell levels left.
You didn't know any spells.
Your spell library contained the following spells:

 Spells                   Type           Power      Damage    Failure   Level
 Static Discharge         Conj/Air       0%         3-3/arc   100%        2
 Portal Projectile        Hex/Tloc       0%         N/A       100%        3
 Tukima's Dance           Hex            0%         N/A       100%        3
 Alistair's Intoxication  Tmut/Pois      0%         N/A       100%        5
 Blade Hands              Tmut           0%         N/A       100%        5
 Borgnjor's Vile Clutch   Necr/Erth      0%         N/A       100%        5
 Lightning Bolt           Conj/Air       0%         1d11      100%        5
 Eringya's Noxious Bog    Tmut/Pois      0%         N/A       100%        6
 Maxwell's Capacitive Co  Air            0%         ∞         100%        8


Dungeon Overview and Level Annotations

Branches:
Dungeon (8/15)             Temple (1/1) D:7          Bailey (visited)
   Lair: D:8-11

Altars:
Ashenzari
Cheibriados
Dithmenos
Fedhas
Gozag
Hepliaklqana
Makhleb
Nemelex Xobeh
Okawaru
Qazlal
Ru
Trog
Uskayaw
Vehumet
Wu Jian
Xom
Yredelemnul

Shops:
D:5 *


Innate Abilities, Weirdness & Mutations

You have sharp fingernails.
A demonic guardian rushes to your aid.
When seriously injured, your blood forms very thick armour. (AC +12)
You possess an exceptional clarity of mind.


Message History

The boulder beetle is lightly wounded.
The boulder beetle bites you but does no damage.
Your orange demon stings the boulder beetle but does no damage.
Your orange demon hits the boulder beetle but does no damage.
You completely miss the boulder beetle.
The boulder beetle is lightly wounded.
You block the boulder beetle's attack.
Your orange demon stings the boulder beetle.
Your orange demon barely misses the boulder beetle.
The boulder beetle leaps!
The boulder beetle curls into a ball and begins rolling!
Your orange demon stings the boulder beetle but does no damage.
Your orange demon stings the boulder beetle but does no damage.
Your orange demon stings the boulder beetle!
The boulder beetle is poisoned.
Your orange demon poisons the boulder beetle!
Your orange demon hits the boulder beetle but does no damage.
The boulder beetle hits you!
* * * LOW HITPOINT WARNING * * *
A demonic guardian appears!
The boulder beetle stops rolling and uncurls.
Your orange demon stings the boulder beetle but does no damage.
Your orange demon barely misses the boulder beetle.
The boulder beetle bites you but does no damage.
A white imp comes into view.
Your orange demon stings the boulder beetle but does no damage.
Your orange demon hits the boulder beetle.
Your hellwing hits the boulder beetle but does no damage. x2
Your orange demon stings the boulder beetle but does no damage.
Your orange demon hits the boulder beetle but does no damage.
The boulder beetle curls into a ball and begins rolling!
Your hellwing hits the boulder beetle but does no damage.
Your hellwing hits the boulder beetle.
The white imp shouts, "Away with thee, thou erky tickle-brained flim-flammer!"
Your orange demon stings the boulder beetle!
The boulder beetle looks as sick as possible!
Your orange demon poisons the boulder beetle!
Your orange demon barely misses the boulder beetle.
The boulder beetle hits you!!!
You die...

.. .. ......#
.# ..........#
.#
..........##
##
#..........#
#.........##
#......5..##
#........#
#.....@..##
#...4B....##
##..°4.....#
##.........#
#.............
#...........$.
#.........###.
#........##
##.....###


You could see a boulder beetle (rolling, extremely poisoned, ally target), a
white imp, a friendly orange demon (summoned) and a friendly hellwing
(summoned).

Vanquished Creatures
  An ugly thing (Temple)
  Joseph (D:7)
  A slime creature (D:7)
  Sigmund (D:4)
  A yak (D:7)
  A steam dragon (D:7)
  Menkaure (D:6)
  A water moccasin (D:6)
  Duvessa (D:4)
  5 orc warriors
  2 ice beasts
  2 black bears
  8 centaurs
  2 ogres
  A phantom (D:3)
  3 bullfrogs
  4 scorpions
  A necrophage (D:6)
  5 wights
  2 orc priests
  8 iguanas
  2 orc wizards
  24 gnolls
  7 adders
  2 white imps (D:6)
  3 dart slugs
  30 orcs
  8 ball pythons
  11 endoplasms
  3 giant cockroaches
  33 goblins
  34 hobgoblins
  3 jackals (D:2)
  4 quokkas
  4 bats
  2 frilled lizards (D:3)
  10 kobolds
  5 rats
  A bush (D:5)
238 creatures vanquished.

Vanquished Creatures (collateral kills)
  A hornet (D:7)
  5 yaks (D:6)
  A wyvern (D:7)
  A steam dragon (D:7)
  8 orc warriors (Bailey)
  A sky beast (D:7)
  2 centaurs (Bailey)
  A kobold brigand (D:7)
  2 wights (D:6)
  Dowan (D:4)
  2 gnolls (D:5)
  7 orcs
  3 goblins (D:5)
35 creatures vanquished.

Vanquished Creatures (others)
  2 orcs (Bailey)
2 creatures vanquished.

Grand Total: 275 creatures vanquished

Notes
Turn   | Place    | Note
-------+----------+-------------------------------------------
     0 | D:1      | Thatpatchoflichen the Demonspawn Fighter began the quest
                  | for the Orb.
     0 | D:1      | Reached XP level 1. HP: 18/18 MP: 1/1
     2 | D:1      | Noticed a ghoul
     2 | D:1      | Noticed a demigod
     4 | D:1      | Noticed a formicid
     6 | D:1      | Noticed a draconian
     8 | D:1      | Noticed an octopode
     8 | D:1      | Noticed a naga
    10 | D:1      | Noticed a troll
    10 | D:1      | Noticed a human
    12 | D:1      | Noticed an elf
    12 | D:1      | Noticed a felid
    14 | D:1      | Noticed a merfolk
    14 | D:1      | Noticed a demonspawn
    17 | D:1      | Noticed a tengu
    19 | D:1      | Noticed a spriggan
    19 | D:1      | Noticed a minotaur
    21 | D:1      | Noticed a meteoran
    21 | D:1      | Noticed an ogre
    23 | D:1      | Noticed a palentonga
    23 | D:1      | Noticed a vampire
    25 | D:1      | Noticed a vine stalker
    25 | D:1      | Noticed a ghoul
    27 | D:1      | Noticed a human
    27 | D:1      | Noticed a ghoul
   276 | D:1      | Gained mutation: When seriously injured, your blood forms
                  | armour. (AC +12) [demonic ancestry]
   276 | D:1      | Reached XP level 2. HP: 23/24 MP: 2/2
   503 | D:1      | You fall into a shaft and drop 1 floor!
  1064 | D:1      | Found a faded altar of an unknown god.
  1086 | D:1      | Gained mutation: When seriously injured, your blood forms
                  | thick armour. (AC +12) [demonic ancestry]
  1086 | D:1      | Reached XP level 3. HP: 25/29 MP: 3/3
  1588 | D:2      | Reached XP level 4. HP: 35/35 MP: 4/4
  2513 | D:2      | Gained mutation: A weak demonic guardian rushes to your
                  | aid. [demonic ancestry]
  2513 | D:2      | Reached XP level 5. HP: 35/42 MP: 5/5
  2797 | D:3      | Noticed a phantom
  2818 | D:3      | Killed a phantom
  2819 | D:3      | Reached skill level 4 in Fighting
  2952 | D:3      | Found the +2 ratskin cloak {*Rats rPois rN+ Str-1 Int-1
                  | Dex+1}
  3710 | D:4      | Noticed a black bear
  3926 | D:3      | Gained mutation: When seriously injured, your blood forms
                  | very thick armour. (AC +12) [demonic ancestry]
  3926 | D:3      | Reached XP level 6. HP: 37/48 MP: 6/6
  4059 | D:4      | Noticed an orc warrior
  4279 | D:3      | Killed an orc warrior
  4581 | D:4      | Gained mutation: You have sharp fingernails. [demonic
                  | ancestry]
  4581 | D:4      | Reached XP level 7. HP: 47/55 MP: 7/7
  4752 | D:4      | Reached skill level 1 in Dodging
  4966 | D:4      | Noticed Sigmund
  4978 | D:4      | Killed Sigmund
  4979 | D:4      | Reached skill level 5 in Fighting
  5383 | D:4      | Noticed Duvessa
  5383 | D:4      | Noticed Dowan
  5392 | D:4      | Killed Duvessa
  5406 | D:4      | Killed Dowan
  5817 | D:5      | Entered Level 5 of the Dungeon
  5903 | D:5      | Reached XP level 8. HP: 56/62 MP: 8/8
  6804 | D:5      | Reached skill level 5 in Shields
  6816 | D:5      | Reached skill level 5 in Armour
  6820 | D:5      | Reached skill level 5 in Axes
  7491 | D:5      | Reached skill level 6 in Fighting
  7873 | D:5      | Found Dyucever's Lightly-Used Armoury.
  8342 | D:6      | Gained mutation: A demonic guardian rushes to your aid.
                  | [demonic ancestry]
  8342 | D:6      | Reached XP level 9. HP: 37/69 MP: 5/9
  8761 | D:6      | Gained mutation: You possess an exceptional clarity of
                  | mind. [potion of mutation]
  8774 | D:6      | Reached skill level 5 in Dodging
  9091 | D:6      | Noticed Menkaure
  9097 | D:6      | Killed Menkaure
 10020 | D:7      | Found a staircase to the Ecumenical Temple.
 10093 | D:7      | Found a flagged portal.
 10120 | D:7      | Reached XP level 10. HP: 12/77 MP: 4/10
 10270 | Bailey   | Entered a bailey
 10688 | Bailey   | Reached skill level 7 in Fighting
 11926 | Bailey   | HP: 2/79 [orc/+0 trident (4)]
 11927 | Bailey   | Reached skill level 9 in Fighting
 11927 | Bailey   | Reached XP level 11. HP: 2/90 MP: 1/11
 12567 | Temple   | Entered the Ecumenical Temple
 12728 | Temple   | Became a worshipper of Ru the Awakened
 12758 | D:7      | Noticed a white ugly thing
 12780 | Temple   | Killed a white ugly thing
 13579 | D:7      | Noticed Joseph
 13597 | D:7      | Killed Joseph
 13598 | D:7      | Reached skill level 10 in Fighting
 14024 | D:8      | Noticed a boulder beetle
 14059 | D:8      | Demolished by a boulder beetle

Illustrated notes

Levels and vault maps discovered:
D:1:      kb_arrival_jail, layout_loops_ring, chequers_ecumenical_altar_simple,
          chequers_serial_rivers_micro_b
D:2:      layout_loops_cross
D:3:      layout_basic, st_stairs_2
D:4:      layout_loops_corners, uniq_sigmund, uniq_duvessa
D:5:      minmay_goblin_kobold_castle, layout_loops_ring,
          kb_lookout_dungeons_type, minmay_shop_damaged
D:6:      layout_basic, uniq_menkaure
D:7:      kennysheep_big_flooded_room, layout_rooms,
          minmay_temple_entry_stoned_glass, enter_bailey_8, uniq_joseph
D:8:      layout_cave_pods, mainiacjoe_overflow_large_starburst
Temple:   nicolae_temple_bog_church

Skill      XL: |  1  2  3  4  5  6  7  8  9 10 11 |
---------------+----------------------------------+-----
Axes           | 2 3 4 5 6 8 |  8.3
Armour         | 3 4 5 6 7 |  7.1
Shields        | 3 4 5 6 7 |  7.7
Fighting       | 4 5 6 9 10 | 10.0
Dodging        | 2 3 6 8 |  8.4

Action                   |  1- 3 |  4- 6 |  7- 9 | 10-12 || total
-------------------------+-------+-------+-------+-------++-------
Melee: War axe           |   110 |   179 |   409 |   217 ||   915
Throw: Dart              |       |       |       |    18 ||    18
  Use: Potion            |       |       |     1 |     4 ||     5
       Scroll            |       |       |       |     2 ||     2
 Stab: Distracted        |       |       |     1 |     1 ||     2
Armor: Scale mail        |    63 |    94 |       |       ||   157
       Chain mail        |       |     8 |   366 |   189 ||   563
Dodge: Dodged            |    68 |   100 |   211 |   242 ||   621
Block: Buckler           |    27 |    57 |   129 |   119 ||   332
